 Dungeon Crawl Stone Soup version 0.29-a0-243-g602b31c20e (webtiles) character file.

Game seed: 26231843509469592

259 sammy202020 the Skirmisher (level 6, 0/57 HPs)
             Began as a Naga Fighter on Mar 5, 2022.
             Succumbed to an adder's poison
             ... on level 4 of the Dungeon.
             The game lasted 00:05:35 (3942 turns).

sammy202020 the Skirmisher (Naga Fighter)           Turns: 3942, Time: 00:05:36

Health: 0/57       AC:  9    Str: 20    XL:     6   Next: 17%
Magic:  6/6        EV:  5    Int:  9    God:
Gold:   88         SH:  4    Dex: 10    Spells: 5/5 levels left

rFire   . . .      SeeInvis +   a - +0 flail
rCold   . . .      Faith    .   c - +0 buckler
rNeg    . . .      Spirit   .   m - +0 chain mail
rPois   +          Reflect  .   l - +0 helmet
rElec   .          Harm     .   (no cloak)
rCorr   .          Rampage  .   k - +0 pair of gloves
Will    .....                   (no barding)
Stlth   ..........              (no amulet)
HPRegen 0.19/turn               (no ring)
MPRegen 0.10/turn               (no ring)

@: mighty, lethally poisoned (0 -> -2), very slow
A: AC +2, large, see invisible, deformed body, poison resistance, slowness 2,
spit poison 1, naga tail 1
a: Spit Poison


You were on level 4 of the Dungeon.
You visited 1 branch of the dungeon, and saw 4 of its levels.

You collected 214 gold pieces.
You spent 126 gold pieces at shops.

Inventory:

Hand Weapons
 a - a +0 flail (weapon)
Missiles
 g - 4 javelins
Armour
 c - a +0 buckler (worn)
 k - a +0 pair of gloves (worn)
 l - a +0 helmet (worn)
 m - a +0 chain mail (worn)
Scrolls
 j - a scroll of immolation
 o - a scroll of enchant weapon {unknown}
Potions
 b - a potion of magic {unknown}
 e - 2 potions of invisibility
 f - a potion of haste {unknown}
 h - a potion of resistance {unknown}
 i - a potion of flight {unknown}
 n - 3 potions of curing {unknown}


   Skills:
 * Level 4.1 Fighting
 * Level 3.3 Maces & Flails
 * Level 3.3 Armour
 + Level 1.1 Dodging
 * Level 3.3 Shields


You had 5 spell levels left.
You didn't know any spells.
Your spell library contained the following spells:

 Spells                   Type           Power      Damage    Failure   Level
 Sandblast                Erth           0%         2d4       99%         1
 Sting                    Tmut/Pois      0%         1d3       99%         1
 Ensorcelled Hibernation  Hex/Ice        0%         N/A       100%        2
 Passwall                 Tmut/Erth      0%         N/A       100%        2
 Poisonous Vapours        Pois/Air       0%         N/A       100%        2
 Spider Form              Tmut/Pois      0%         N/A       100%        3
 Stone Arrow              Conj/Erth      0%         3d7       100%        3
 Anguish                  Hex/Necr       0%         N/A       100%        4
 Olgreb's Toxic Radiance  Pois           0%         N/A       100%        4


Dungeon Overview and Level Annotations

Branches:
Dungeon (4/15)
 Temple: D:4-7

Altars:
Makhleb
Nemelex Xobeh

Shops:
D:2 [


Innate Abilities, Weirdness & Mutations

Your serpentine skin is tough. (AC +2)
You have supernaturally acute eyesight. (SInv)
Armour fits poorly on your strangely shaped body.
Your system is resistant to poisons. (rPois)
You cover ground very slowly.
You can spit poison.
You have a snake-like lower body.


Message History

You have reached level 6!
Your skin feels tougher.
You feel very mighty all of a sudden. The adder barely misses you.
Unknown command.
You miss the adder.
You have got your breath back.
You block the adder's attack. The adder bites you but does no damage.
You barely miss the adder. The adder barely misses you.
You block the adder's attack.
You barely miss the adder. You block the adder's attack.
You closely miss the adder.
The adder bites you but does no damage. x2
You miss the adder.
You hear the slow rusting of a drain very nearby.
You hear the slow hiss of a distant avalanche of sand.
You block the adder's attack. The adder bites you but does no damage.
You barely miss the adder. The adder barely misses you.
You hit the adder.
The adder is moderately wounded.
The adder barely misses you. You block the adder's attack.
You miss the adder.
The adder is moderately wounded.
The adder completely misses you. The adder bites you but does no damage.
You hit the adder.
The adder is almost dead.
The adder bites you but does no damage.
You completely miss the adder.
The adder is almost dead.
The adder bites you.
* * * LOW HITPOINT WARNING * * *
You are lethally poisoned!
The adder poisons you! You block the adder's attack.
You thump the adder!
You kill the adder!
* * * LOW HITPOINT WARNING * * *
You feel sick.
* * * LOW HITPOINT WARNING * * *
You feel sick.
Okay, then.
You die...

.. #.............
...##+#................
.......................
.........#.#....# .....
.........#.#....#......
.......<........+......
...........#....#......
........:..+.......#
...........##.@.$..#...
.......##..............
....... #..............
....... +..............
....... #..............
#..............
#...........#..
#....[.........
.............#


There were no monsters in sight!

Vanquished Creatures
  A black bear (D:4)
  A howler monkey (D:2)
  An iguana (D:2)
  4 adders
  A worm (D:3)
  A dart slug (D:1)
  9 orcs (D:3)
  3 endoplasms
  2 giant cockroaches
  6 goblins
  2 hobgoblins
  3 jackals (D:3)
  2 quokkas (D:1)
  2 ball pythons
  5 bats
  6 frilled lizards (D:1)
  6 kobolds
  2 rats (D:1)
57 creatures vanquished.

Notes
Turn   | Place    | Note
-------+----------+-------------------------------------------
     0 | D:1      | sammy202020 the Naga Fighter began the quest for the Orb.
     0 | D:1      | Reached XP level 1. HP: 21/21 MP: 1/1
   222 | D:1      | Reached XP level 2. HP: 25/28 MP: 2/2
   597 | D:1      | Reached XP level 3. HP: 31/34 MP: 3/3
  1191 | D:2      | Reached XP level 4. HP: 13/42 MP: 4/4
  1798 | D:2      | Found Qagum's Armour Emporium.
  1804 | D:2      | Bought a +0 pair of gloves for 63 gold pieces
  1804 | D:2      | Bought a +0 helmet for 63 gold pieces
  1974 | D:2      | Found a faded altar of an unknown god.
  2845 | D:3      | Reached XP level 5. HP: 50/50 MP: 5/5
  3737 | D:3      | Found a sparkling altar of Nemelex Xobeh.
  3737 | D:3      | Found a burning altar of Makhleb.
  3913 | D:4      | Noticed a black bear
  3928 | D:4      | Killed a black bear
  3929 | D:4      | Reached skill level 4 in Fighting
  3929 | D:4      | Reached skill level 1 in Dodging
  3929 | D:4      | Reached XP level 6. HP: 4/57 MP: 6/6
  3941 | D:4      | HP: 2/57 [poisoned by an adder]
  3942 | D:4      | Succumbed to an adder's poison

Illustrated notes

Levels and vault maps discovered:
D:1:      lightli_molten_gateway, layout_loops_ring, minmay_tetromino_s4
D:2:      cheibrodos_old_hovel, layout_basic, nicolae_ecumenical_lake_church,
          serial_shops, nicolae_shop_trees, roderic_serpentine_path
D:3:      layout_basic, amethyst_overflow_temple_binary
D:4:      layout_basic, nicolae_ossuary_entry_catacombs,
          cheibrodos_sewer_entry_drain, serial_bayou_pond_b

Skill      XL: |  1  2  3  4  5 |
---------------+----------------+-----
Armour         | 3 |  3.3
Shields        | 3 |  3.3
Maces & Flails | 3 |  3.3
Fighting       | 4 |  4.1
Dodging        | 1 |  1.1

Action                   |  1- 3 |  4- 6 || total
-------------------------+-------+-------++-------
Melee: Flail             |    74 |    96 ||   170
 Abil: Spit Poison       |     4 |    11 ||    15
  Use: Scroll            |       |     4 ||     4
       Potion            |       |     1 ||     1
Armor: Scale mail        |    30 |     9 ||    39
       Chain mail        |       |    59 ||    59
Dodge: Dodged            |    23 |    32 ||    55
Block: Buckler           |    19 |    27 ||    46

Table legend: (Time is in decaauts)
 A = Elapsed time spent in this place.
 B = Non-inter-level travel time spent in this place.
 C = Inter-level travel time spent in this place.
 D = Time resting spent in this place.
 E = Time spent auto-exploring this place.
 F = Levels seen in this place.
 G = Mean time per level.
                   A        B        C        D        E       F      G
               +--------+--------+--------+--------+--------+-----+--------+
         Total |   5017 |   4889 |    128 |    279 |   4106 |   4 | 1254.2 |
       Dungeon |   5017 |   4889 |    128 |    279 |   4106 |   4 | 1254.2 |
               +--------+--------+--------+--------+--------+-----+--------+

Top non-repeatable levels by time:
     D:2: 2186 daAuts
     D:3: 1401 daAuts
     D:1: 1369 daAuts
     D:4: 60 daAuts
